 Dungeon Crawl Stone Soup version 0.19.4-10-g532645f (webtiles) character file.

172 dvd the Sneak (level 5, -3/25 HPs)
             Began as a Vine Stalker Enchanter on Feb 23, 2017.
             Slain by a bullfrog (5 damage)
             ... on level 5 of the Dungeon.
             The game lasted 00:07:59 (2544 turns).

dvd the Sneak (Vine Stalker Enchanter)              Turns: 2544, Time: 00:08:00

Health: -3/25      AC:  3    Str: 11    XL:     5   Next: 52%
Magic:  0/10       EV: 12    Int: 16    God:
Gold:   159        SH:  4    Dex: 14    Spells: 4 memorised, 1 level left

rFire  . . .     SeeInvis .     a - +1 dagger
rCold  . . .     Gourm    .     b - +1 robe
rNeg   . . .     Faith    .     (no shield)
rPois  .         Spirit   +     (no helmet)
rElec  .         Reflect  +     (no cloak)
rCorr  .         Harm     .     (no gloves)
MR     .....                    (no boots)
Stlth  +++.......               h - +4 amulet of reflection
                                (no ring)
                                q - ring of wizardry

@: starving
A: fangs 2, regeneration 1, magic shield, antimagic bite, no device heal 3, rot
immunity
a: no special abilities


You were on level 5 of the Dungeon.
You were starving.

You visited 1 branch of the dungeon, and saw 5 of its levels.

You collected 159 gold pieces.

Inventory:

Hand Weapons
 a - a +1 dagger (weapon)
Armour
 b - a +1 robe (worn)
Jewellery
 h - a +4 amulet of reflection (around neck)
 q - a ring of wizardry (left hand)
Scrolls
 f - a scroll of random uselessness {unknown}
 g - a scroll of teleportation {unknown}
 i - a scroll of amnesia {unknown}
 k - 2 scrolls of fog {unknown}
 l - 2 scrolls of remove curse {unknown}
 u - 2 scrolls of immolation {unknown}
 v - 2 scrolls of identify {unknown}
 y - a scroll of enchant armour {unknown}
 z - a scroll of recharging {unknown}
Potions
 e - a potion of mutation {unknown}
 j - a potion of invisibility {unknown}
 m - a potion of lignification {unknown}
 o - a potion of resistance {unknown}
 p - 2 potions of heal wounds {unknown}
 s - 2 potions of curing
 t - a potion of cure mutation {unknown}
Books
 c - a book of Maledictions

   Spells                             Type                      Level
   a - Corona                         Hexes                        1
   b - Ensorcelled Hibernation        Hexes/Ice                    2
   c - Confuse                        Hexes                        3
   d - Tukima's Dance                 Hexes                        3
   e - Dazzling Spray                 Conjuration/Hexes            3
Comestibles
 d - 3 bread rations
 n - a royal jelly
 r - 2 meat rations
 w - 2 slices of pizza


   Skills:
 + Level 0.5 Fighting
 + Level 1.6 Short Blades
 + Level 1.7 Dodging
 + Level 5.2 Stealth
 + Level 3.0 Spellcasting
 + Level 3.9 Hexes
 + Level 1.2 Ice Magic


You had one spell level left.
You knew the following spells:

 Your Spells              Type           Power        Failure   Level  Hunger
a - Corona                Hex            ###....      1%          1    #......
b - Ensorcelled Hibernat  Hex/Ice        ##....       4%          2    ##.....
c - Confuse               Hex            ###.....     4%          3    ###....
d - Dazzling Spray        Conj/Hex       #.....       12%         3    ###....


Dungeon Overview and Level Annotations

Branches:
Dungeon (5/15)
 Temple: D:4-7

Altars:

Annotations:
D:3 Natasha
D:4 Azzok's ghost, novice CeHu
D:5 Edmund


Innate Abilities, Weirdness & Mutations

You have extremely sharp teeth.
Your natural rate of healing is unusually fast.
When hurt, damage is shared between your health and your magic reserves.
Your bite disrupts and absorbs the magic of your enemies.
Potions and wands cannot restore your health.
You are immune to rotting.


Message History

The worker ant bites you.
Found a scroll labeled QEASCH WYEPA.
A giant cockroach comes into view.
A quokka skeleton comes into view.
The worker ant bites you.
You are poisoned.
The worker ant poisons you!
You feel sick.
You open the door.
You feel sick. You block the worker ant's attack. The bullfrog hits you.
* * * LOW HITPOINT WARNING * * *
You feel sick.
There is an open door here.
Edmund clears his throat.
The bullfrog hits you.
* * * LOW HITPOINT WARNING * * *
You feel sick.
It was a potion of curing.
Your system rejects the healing.
You feel better. You block the bullfrog's attack. The bullfrog hits you.
You die...

....... #..... #....#
#..#...Z#
#..##..#....###########
.... ..#....##.........
#..#..#....##.........
.##...#.#...Z@a.........
.....#.#.#####F@.......
.##.#...#.# ###.##....
.#.#.#.#F#.# #.# .
#.#.#.#@#.#.# #..
.#.#.#.#.#.#.# #.#
#.#.#.#.#.#.#.# ##
.#.#.#.#.#?#.#.#
#.#.#.#.#.#.#s#..
.#.#.#.#.#.#.#...


You could see Edmund, a bullfrog, a worker ant and a quokka skeleton.

Vanquished Creatures
  A hound (D:5)
  Natasha (D:3)
  A worker ant (D:5)
  6 adders
  3 worms (D:2)
  A leopard gecko (D:2)
  An orc (D:3)
  2 ball pythons
  5 giant cockroaches
  2 goblins (D:2)
  4 hobgoblins
  4 kobolds
  2 quokkas (D:3)
  4 bats
  2 frilled lizards
  3 rats
42 creatures vanquished.

Notes
Turn   | Place    | Note
-------+----------+-------------------------------------------
     0 | D:1      | dvd the Vine Stalker Enchanter began the quest for the Orb.
     0 | D:1      | Reached XP level 1. HP: 9/9 MP: 4/4
   648 | D:2      | Reached XP level 2. HP: 10/13 MP: 4/6
   881 | D:2      | Learned a level 2 spell: Ensorcelled Hibernation
   916 | D:2      | Reached XP level 3. HP: 16/16 MP: 5/7
   939 | D:2      | Reached skill level 4 in Stealth
  1151 | D:2      | Reached skill level 1 in Short Blades
  1495 | D:3      | Learned a level 3 spell: Confuse
  1591 | D:3      | Gained mutation: Your natural rate of healing is unusually fast. [Vine Stalker growth]
  1591 | D:3      | Reached XP level 4. HP: 21/21 MP: 3/9
  1949 | D:3      | Noticed Natasha
  1953 | D:3      | Killed Natasha
  1995 | D:3      | Learned a level 3 spell: Dazzling Spray
  2084 | D:3      | Reached XP level 5. HP: 25/25 MP: 8/10
  2195 | D:3      | Noticed Natasha
  2251 | D:4      | Noticed Edmund
  2283 | D:4      | Noticed an ogre
  2298 | D:4      | Noticed Azzok's ghost (novice CeHu)
  2306 | D:5      | Entered Level 5 of the Dungeon
  2312 | D:5      | Noticed a sky beast
  2323 | D:5      | Reached skill level 5 in Stealth
  2323 | D:5      | Reached skill level 1 in Ice Magic
  2544 | D:5      | Slain by a bullfrog

Skill      XL: |  1  2  3  4  5 |
---------------+----------------+-----
Stealth        | 4 5 |  5.2
Short Blades   | 1 |  1.6
Spellcasting   | 3 |  3.0
Ice Magic      | 1 |  1.2
Fighting       | |  0.5
Dodging        | |  1.7
Hexes          | |  3.9

Action                   |  1- 3 |  4- 6 || total
-------------------------+-------+-------++-------
Melee: Dagger            |    52 |    61 ||   113
       Bite              |     9 |    17 ||    26
 Cast: Corona            |    13 |     1 ||    14
       Ensorcelled Hiber |    14 |    23 ||    37
       Confuse           |       |     5 ||     5
  Use: Potion            |       |     1 ||     1
 Stab: Sleeping          |    17 |    13 ||    30
       Confused          |       |     1 ||     1
  Eat: Chunk             |     3 |     3 ||     6
Armor: Robe              |     9 |     9 ||    18
Dodge: Dodged            |    28 |    37 ||    65
Block: Other             |     3 |    16 ||    19
